Map: Saalok station

Players

Tesla - Winner!

  • Race: Protoss Protoss

wggf

  • Race: Terran Terran

VOD

Have the link to the VOD?

Description

https://www.twitch.tv/gosu_pvp is Awesome =D

Time

  • Played on: July 24, 2016, 4:37 p.m.
  • Length: 14:49
Show
View Real Time Build Order
Export as new Build Order

Tesla Protoss - Winner!

Build Orders:  

Get SALT Encoding   

  12  0:01  Probe (Chrono Boost)  
  13  0:11  Probe (Chrono Boost)  
  14  0:18  Pylon  
  14  0:23  Probe (Chrono Boost)  
  15  0:36  Probe (Chrono Boost)  
  15  0:39  Gateway  
  16  0:44  Assimilator  
  16  0:46  Probe (Chrono Boost)  
  18  0:57  Probe (Chrono Boost)  
  18  1:01  Pylon  
  18  1:07  Probe (Chrono Boost)  
  19  1:18  Probe (Chrono Boost)  
  20  1:26  Cybernetics Core  
  20  1:29  Probe (Chrono Boost)  
  21  1:39  Probe (Chrono Boost)  
  22  1:48  Warp Gate  
  22  1:50  Probe (Chrono Boost)  
  22  1:52  Nexus  
  24  2:02  Probe (Chrono Boost)  
  24  2:08  Assimilator  
  26  2:19  Mothership Core (Chrono Boost)  
  26  2:24  Adept  
  29  2:38  Probe (Chrono Boost)  
  29  2:50  Probe (Chrono Boost)  
  30  2:53  Gateway  
  30  2:57  Gateway, Pylon  
  30  3:02  Probe (Chrono Boost)  
  31  3:07  Robotics Facility  
  31  3:10  Probe (Chrono Boost)  
  32  3:15  Probe (Chrono Boost)  
  33  3:21  Probe (Chrono Boost)  
  35  3:27  Probe (Chrono Boost)  
  35  3:30  Stalker  
  37  3:35  Probe (Chrono Boost)  
  37  3:39  Probe (Chrono Boost)  
  39  3:43  Assimilator  
  39  3:49  Assimilator  
  39  3:50  Probe (Chrono Boost)  
  39  3:54  Observer  
  41  4:00  Probe (Chrono Boost)  
  41  4:01  Probe (Chrono Boost)  
  43  4:06  Pylon  
  43  4:13  Observer  
  43  4:14  Probe (Chrono Boost)  
  45  4:19  Twilight Council, Pylon, Probe (Chrono Boost)  
  45  4:22  Stalker x2  
  45  4:24  Sentry  
  53  4:26  Probe (Chrono Boost)  
  53  4:33  Pylon  
  53  4:39  Immortal  
  53  4:40  Probe (Chrono Boost)  
  53  4:44  Probe (Chrono Boost)  
  59  4:51  Forge  
  59  4:58  Pylon  
  60  5:00  Probe (Chrono Boost)  
  60  5:01  Probe (Chrono Boost)  
  60  5:03  Pylon  
  60  5:06  Sentry x2  
  65  5:13  Warp Prism, Probe (Chrono Boost), Stalker  
  68  5:17  Blink  
  66  5:29  Protoss Ground Weapons Level 1, Stalker  
  66  5:34  Adept  
  70  5:38  Probe (Chrono Boost)  
  71  5:47  Observer  
  73  5:50  Probe (Chrono Boost)  
  73  5:55  Probe (Chrono Boost)  
  74  6:02  Probe (Chrono Boost)  
  75  6:05  Photon Cannon  
  75  6:06  Probe (Chrono Boost)  
  75  6:08  Photon Cannon  
  76  6:14  Stalker x2  
  76  6:15  Probe (Chrono Boost)  
  76  6:18  Immortal  
  81  6:19  Stalker  
  81  6:25  Probe (Chrono Boost)  
  89  6:27  Probe (Chrono Boost)  
  89  6:39  Probe (Chrono Boost)  
  90  6:40  Nexus  
  90  6:43  Assimilator  
  90  6:48  Assimilator  
  90  6:51  Pylon  
  90  7:04  Immortal  
  90  7:05  Stalker x2  
  94  7:12  Stargate  
  94  7:13  Templar Archives  
  94  7:14  Dark Shrine  
  98  7:16  Gateway  
  98  7:18  Gateway  
  98  7:21  Pylon  
  98  7:28  Stalker x2  
  102  7:35  Pylon  
  102  7:37  Photon Cannon  
  102  7:38  Pylon  
  102  7:39  Protoss Ground Weapons Level 2  
  102  7:56  Stalker  
  102  7:57  Stalker x2  
  108  8:02  Pylon  
  108  8:04  Probe (Chrono Boost)  
  109  8:09  Probe (Chrono Boost)  
  110  8:15  Probe (Chrono Boost)  
  112  8:21  Immortal, Probe (Chrono Boost)  
  112  8:24  Phoenix  
  112  8:25  Resonating Glaives, Probe (Chrono Boost)  
  117  8:33  Probe (Chrono Boost)  
  120  8:34  High Templar x2  
  120  8:36  Zealot x2  
  120  8:38  Dark Templar  
  130  8:46  Phoenix  
  130  8:47  Probe (Chrono Boost)  
  131  8:54  Probe (Chrono Boost)  
  134  8:58  Probe (Chrono Boost), Archon  
  134  8:59  High Templar x2  
  139  9:03  Immortal  
  139  9:06  Probe (Chrono Boost)  
  139  9:08  Probe (Chrono Boost)  
  145  9:14  Photon Cannon  
  145  9:18  Photon Cannon  
  145  9:19  Probe x2 (Chrono Boost)  
  145  9:21  Gateway  
  147  9:25  Pylon  
  147  9:29  Probe (Chrono Boost)  
  147  9:31  Probe (Chrono Boost)  
  149  9:33  Pylon  
  149  9:35  Gateway  
  149  9:38  Gateway  
  149  9:40  Pylon  
  149  9:45  Probe (Chrono Boost)  
  150  9:47  Immortal  
  154  9:55  Phoenix  
  154  9:56  Protoss Ground Armor Level 1  
  156  10:04  Probe (Chrono Boost)  
  156  10:05  Charge  
  157  10:17  Phoenix  
  157  10:18  Nexus  
  159  10:21  Assimilator  
  159  10:26  Assimilator  
  159  10:27  Immortal  
  163  10:28  Pylon  
  163  10:39  Phoenix  
  165  10:46  Gateway  
  164  11:00  Phoenix  
  166  11:07  Protoss Air Weapons Level 1  
  166  11:09  Immortal  
  170  11:12  Stalker x5  
  170  11:18  Assimilator  
  180  11:22  Assimilator  
  180  11:26  Nexus  
  180  11:30  Pylon  
  180  11:34  Pylon  
  180  11:37  Pylon  
  180  11:38  High Templar x2  
  180  11:39  High Templar  
  186  11:40  High Templar  
  186  11:42  High Templar x2  
  186  11:44  High Templar  
  186  11:45  High Templar  
  186  11:46  Archon  
  196  11:47  Archon  
  196  11:50  Protoss Ground Weapons Level 3, Archon  
  196  11:52  Archon  
  196  11:53  Immortal  
  198  12:12  Dark Templar  
  198  12:13  Dark Templar x3  
  154  12:23  Archon  
  154  12:28  Dark Templar  
  154  12:29  Dark Templar x2  
  160  12:42  Immortal  
  164  12:53  Stalker  
  164  12:54  Stalker x3  
  164  12:56  Dark Templar  
  174  13:12  Adept x3  
  180  13:18  Adept  
  180  13:19  Adept x3  
  188  13:37  High Templar x4  
  196  13:53  Nexus  
  194  14:18  Archon  
  194  14:21  Stalker x7  
  194  14:22  Stalker  
Show
View Real Time Build Order
Export as new Build Order

wggf Terran 

Build Orders: MMM Bio 

Get SALT Encoding   

  12  0:01  SCV  
  13  0:14  Supply Depot  
  13  0:19  SCV  
  14  0:36  Barracks  
  14  0:38  SCV  
  15  0:50  SCV  
  16  1:02  SCV  
  17  1:14  SCV  
  18  1:32  Command Center, Orbital Command  
  18  1:37  Refinery  
  18  1:41  Refinery  
  18  1:45  Marine  
  19  1:53  Supply Depot  
  19  1:58  SCV  
  20  2:10  SCV  
  21  2:16  Barracks Tech Lab  
  21  2:19  Barracks  
  21  2:22  SCV  
  22  2:34  SCV  
  22  2:35  Marauder  
  25  2:43  Factory  
  25  2:46  SCV  
  25  2:48  SCV  
  27  2:58  SCV  
  27  3:00  Marauder  
  30  3:08  Barracks Reactor  
  30  3:11  SCV  
  31  3:14  Orbital Command  
  31  3:21  Marine  
  31  3:22  Stimpack  
  31  3:23  SCV  
  33  3:29  Factory Reactor  
  33  3:33  Starport  
  33  3:35  SCV  
  33  3:40  Marauder  
  36  3:47  SCV  
  37  3:49  SCV  
  38  3:59  SCV  
  38  4:00  Marine x2  
  38  4:01  SCV  
  42  4:03  Marauder  
  42  4:08  Widow Mine  
  46  4:15  Widow Mine, Medivac  
  50  4:17  Supply Depot  
  50  4:19  Supply Depot  
  50  4:23  Barracks  
  51  4:24  SCV  
  51  4:27  SCV  
  52  4:36  SCV  
  52  4:38  Marine x2  
  54  4:39  SCV  
  54  4:40  Marauder  
  54  4:41  Widow Mine  
  60  4:48  SCV  
  60  4:51  SCV  
  62  5:03  SCV  
  62  5:04  SCV  
  64  5:07  Marauder, Marine x2  
  64  5:09  Starport Reactor  
  64  5:10  Widow Mine  
  70  5:37  Barracks Reactor  
  70  5:45  Engineering Bay x2  
  70  5:46  Marine, SCV  
  70  5:47  SCV  
  69  5:54  Armory  
  69  6:10  Command Center  
  69  6:12  Supply Depot  
  69  6:21  Marine  
  70  6:30  Marine x3  
  70  6:31  Marauder  
  75  6:34  Supply Depot  
  75  6:35  Supply Depot  
  75  6:39  Marine, SCV  
  77  6:41  SCV  
  77  6:46  Supply Depot, Refinery  
  78  6:48  Marine x3  
  78  6:49  Refinery  
  78  6:52  Marauder  
  78  6:53  SCV  
  84  6:57  Marine  
  84  6:58  Supply Depot  
  85  7:06  Marine x3  
  85  7:07  SCV  
  89  7:12  Medivac x2  
  89  7:14  Marauder  
  89  7:15  Marine  
  96  7:18  Barracks  
  96  7:19  SCV  
  97  7:24  Marine x3  
  100  7:32  Terran Infantry Weapons Level 1, Marine  
  100  7:33  Terran Infantry Armor Level 1  
  100  7:35  Marauder  
  103  7:42  Marine x3, Medivac  
  108  7:56  Marauder  
  110  8:01  Orbital Command  
  110  8:07  Marine x4  
  110  8:08  Combat Shields  
  114  8:18  Marauder  
  116  8:28  SCV  
  116  8:32  Barracks Reactor  
  116  8:33  Marine x4  
  121  8:39  Marauder  
  121  8:40  SCV  
  124  8:48  SCV  
  125  8:50  Marine  
  125  8:51  Marine x3  
  125  8:55  SCV  
  130  8:59  SCV  
  130  9:00  SCV  
  130  9:01  Marauder  
  134  9:07  SCV  
  134  9:08  Marine x2, Supply Depot x2  
  134  9:09  Marine x2  
  139  9:10  Marine x2, Supply Depot x2  
  139  9:11  Supply Depot  
  139  9:12  Supply Depot  
  141  9:27  Concussive Shells  
  141  9:29  Marine x2  
  141  9:30  Marauder, SCV x3, Marine x2, Medivac x2  
  154  9:38  Terran Infantry Weapons Level 2  
  154  9:39  Terran Infantry Armor Level 2  
  154  9:42  SCV x2  
  154  9:43  SCV  
  157  9:47  Refinery  
  157  9:48  Refinery  
  157  9:52  Marauder  
  159  9:54  SCV  
  159  9:55  SCV  
  159  9:59  Marine x5  
  164  10:00  Marine  
  167  10:07  SCV  
  167  10:13  Marauder  
  170  10:17  Marine x6  
  170  10:19  SCV  
  177  10:31  SCV, Medivac x2  
  177  10:34  Marauder  
  177  10:35  Marine x5  
  189  10:50  Marine  
  189  10:52  Marine  
  189  10:53  Marine x2  
  189  11:07  Marine, Factory Tech Lab  
  189  11:08  Marauder, Medivac x2  
  196  11:29  Marauder  
  198  11:37  Medivac  
  130  12:31  Medivac x2  
  130  12:35  Marauder  
  130  12:36  Marine x4  
  130  12:37  Marine x2  
  141  12:54  Marine x5  
  141  12:55  Command Center, Marine  
  141  12:56  Marauder  
  149  13:01  Medivac x2  
  152  13:12  Marine x4  
  156  13:18  Marauder  
  158  13:31  Medivac x2  
  162  13:38  Marine  
  162  13:39  Marauder, Marine x5  
  170  13:45  Siege Tank  
  170  13:56  Marine  
  170  13:57  Marine x5  
  170  14:01  Marauder, Medivac x2  
  168  14:14  Marine x3  
  168  14:15  Marine x3  
  161  14:22  Marauder  
Tags
 
Composition
MMM Bio
Matchup
PvT
Add a new tag
Caveats
  • Supply blocks, unpowered buildings, or Contaminate may cause inaccurate times.
  • Supply counts are checked every 10 seconds.